 Dungeon Crawl Stone Soup version 0.32-a0-306-gfed3edf829 (webtiles) character file.

Game seed: 989729736475283079

2184 ragingrage the Thaumaturge (level 9, -2/62 HPs)
             Began as a Djinni Artificer on Feb 14, 2024.
             Was an Initiate of Ashenzari.
             Slain by a wight
             ... wielding a +4 halberd
              (12 damage)
             ... on level 7 of the Dungeon.
             The game lasted 00:10:20 (6231 turns).

ragingrage the Thaumaturge (Djinni Artificer)       Turns: 6231, Time: 00:10:20

Health: -2/62      AC:  5    Str: 17    XL:     9   Next: 59%
Gold:   660        EV: 12    Int: 17    God:    Ashenzari [......] SH:  0 Dex: 14

rFire   + + .        a - +12 sling "Agomm" {heavy, rN++}
rCold   x . .        (no shield)
rNeg    + + .        t - +1 robe {Will+}
rPois   ∞            h - +0 helmet
rElec   .            u - +0 cloak
rCorr   +            (no gloves)
SInv    .            (boots unavailable)
Will    +....        (no amulet)
Stlth   ++           p - +6 ring of strength
HPRegen 0.30/turn    r - ring of resist corrosion
MPRegen 0.00/turn

%: infuse magic (-3 HP)
@: flying
A: sickness immunity, fire resistance 2, cold vulnerability 1, float, innate
caster, HP casting, extra vitality 1
a: Renounce Religion


You were on level 7 of the Dungeon.
You worshipped Ashenzari.
Ashenzari was noncommittal.
You visited 1 branch of the dungeon, and saw 7 of its levels.
You also visited: Ossuary.

You collected 660 gold pieces.

Inventory:

Hand Weapons
 a - the +12 sling "Agomm" (weapon) {heavy, rN++}
   (You found it on level 7 of the Dungeon)

   rN++:      It greatly protects you from negative energy.
 b - a +2 dagger of electrocution
 C - a +2 short sword of speed
 I - a +1 sling of freezing
 L - a +1 short sword of venom
Armour
 h - a +0 helmet (worn)
 t - a +1 robe of willpower (worn)
 u - a +0 cloak (worn)
 K - a scarf of repulsion
Jewellery
 p - a +6 ring of strength (left hand)
 r - a ring of resist corrosion (right hand)
Wands
 c - a wand of flame (28)
 d - a wand of charming (12)
 e - a wand of iceblast (5)
 J - a wand of mindburst (7)
Scrolls
 f - a scroll of butterflies {unknown}
 g - a scroll of blinking {unknown}
 j - a scroll of acquirement {unknown}
 k - 3 scrolls of fog
 m - 2 scrolls of brand weapon
 q - 2 scrolls of noise
 v - a scroll of enchant weapon {unknown}
 w - 2 scrolls of immolation {unknown}
 x - 2 scrolls of amnesia
 y - a scroll of revelation {unknown}
 z - a scroll of teleportation {unknown}
 D - a scroll of enchant armour {unknown}
 F - a scroll of vulnerability
Potions
 i - 3 potions of lignification
 l - 3 potions of enlightenment
 n - a potion of ambrosia
 o - 5 potions of curing
 s - 2 potions of heal wounds {unknown}
 A - a potion of mutation {unknown}
 B - 4 potions of brilliance
 E - a potion of haste {unknown}
 G - a potion of berserk rage {unknown}
 H - a potion of attraction {unknown}


   Skills:
 - Level 4.0 Fighting
 - Level 0.6 Ranged Weapons
 - Level 1.0 Armour
 - Level 2.1 Dodging
 - Level 2.0 Stealth
 * Level 8.6 Spellcasting
 * Level 8.6 Conjurations
 * Level 8.6 Hexes
   Level 0.0 Charms
 * Level 8.6 Summonings
 * Level 8.6 Necromancy
 * Level 8.6 Translocations
   Level 0.0 Transmutations
 * Level 8.6 Fire Magic
 * Level 8.6 Ice Magic
 * Level 8.6 Air Magic
 * Level 8.6 Earth Magic
 * Level 8.6 Alchemy
 - Level 3.0 Evocations


You knew the following spells:

 Your Spells              Type           Power      Damage    Failure   Level
a - Shock                 Conj/Air       100%       1d9       1%          1
b - Call Imp              Summ           72%        N/A       1%          2
c - Static Discharge      Conj/Air       72%        3-6/arc   1%          2
d - Hailstorm             Conj/Ice       36%        3d9       1%          3
Your spell library was empty.

Dungeon Overview and Level Annotations

Branches:
Dungeon (7/15)            Ossuary (visited)
 Temple: D:4-7

Altars:
Ashenzari
Elyvilon
Fedhas
Hepliaklqana
Nemelex Xobeh
Okawaru
Xom
The Shining One

Shops:
D:4 :

Annotations:
D:5 1 runed translucent door, Crazy Yiuf


Innate Abilities, Weirdness & Mutations

You are immune to sickness and miasma.
You are immune to poison.
Your flesh is very heat resistant. (rF++)
You are vulnerable to cold. (rC-)
You float through the air rather than walking.
You learn spells naturally, not from books.
Your magical power is your life essence.
You have superior vitality. (+4 MHP)


Message History

Press: ? - help, Shift-Dir - straight line, f - wight
Aim: a wight, wielding a +4 trident and wearing a +0 robe (74% to hit)
The zap misses the wight.
The zap hits the kobold.
You kill the kobold!
The zap hits the wight.
The zap misses the wight.
The wight hits you with a +0 short sword.
Casting: Shock (safe; 1% risk of failure)
Aiming: Shock (safe; 1% risk of failure)
Press: ? - help, Shift-Dir - straight line, f/p - wight
Aim: a wight, wielding a +4 trident and wearing a +0 robe (74% to hit)
The zap misses the wight.
The zap hits the wight!
The zap hits the kobold brigand.
The zap hits the wight. x2
The wight completely misses you.
Casting: Shock (safe; 1% risk of failure)
Aiming: Shock (safe; 1% risk of failure)
Press: ? - help, Shift-Dir - straight line, f/p - wight
Aim: a wight, wielding a +4 trident and wearing a +0 robe (lightly damaged, 74% to hit)
The zap hits the wight. x2; The zap hits the kobold.
You kill the kobold!
The zap misses the wight.
The wight hits you with a +0 short sword!
The wight hits you from afar with a +4 halberd!
Casting: Shock (safe; 1% risk of failure)
Aiming: Shock (safe; 1% risk of failure)
Press: ? - help, Shift-Dir - straight line, f/p - wight
Aim: a wight, wielding a +4 trident and wearing a +0 robe (lightly damaged, 74% to hit)
The zap hits the wight. x3
The wight hits you from afar with a +4 halberd!
The wight hits you with a +0 short sword.
* * * LOW HITPOINT WARNING * * *
Casting: Shock (safe; 1% risk of failure)
A tiny devil pulls itself out of the air.
* * * LOW HITPOINT WARNING * * *
The wight misses you.
The wight hits you with a +0 short sword.
* * * LOW HITPOINT WARNING * * *
Unknown command.
The wight attacks as it pursues you!
The wight hits you from afar with a +4 halberd!
You die...

..'....)#
#.....###.......
⌠.#.#.#)#########
#....##. .
#...#.[..######
#....##.
#.######......# #....
#. #. #......# #####
## . #......# ### .
######......########..
+....5#...............
#####@#..##########.##
#zz........ #.
....z)####.....# #
..?.z #.....# #. ...)
#.....# #. .). #.....#
#. .. ....... ... .
#### ... ...


You could see 4 wights and a friendly cerulean imp (summoned).

Vanquished Creatures
  A gargoyle (D:6)
  3 water moccasins
  Duvessa (D:6)
  A black bear (D:6)
  2 ogres (D:6)
  A kobold brigand (D:7)
  Blork the orc (D:5)
  A scorpion (D:5)
  A howler monkey (D:4)
  3 jellies
  4 hounds (D:6)
  3 orc priests
  A bombardier beetle (D:4)
  An iguana (D:4)
  A sleepcap (D:4)
  4 orc wizards
  7 mummies (Ossuary)
  3 gnolls
  6 adders
  A shadow imp (D:6)
  A white imp (D:6)
  2 ufetubi (D:7)
  2 ribbon worms (D:2)
  27 orcs
  5 ball pythons
  8 endoplasms
  A giant cockroach (D:3)
  3 gnoll zombies (Ossuary)
  8 goblins
  3 hobgoblins
  14 kobolds
  7 quokkas
  6 bats
  5 frilled lizards
  4 hobgoblin zombies (Ossuary)
  An orc zombie (Ossuary)
  5 rats
148 creatures vanquished.

Vanquished Creatures (collateral kills)
  Dowan (D:6)
  A bombardier beetle (D:4)
  A mummy (Ossuary)
3 creatures vanquished.

Grand Total: 151 creatures vanquished

Notes
Turn   | Place    | Note
-------+----------+-------------------------------------------
     0 | D:1      | ragingrage the Djinni Artificer began the quest for the
                  | Orb.
     0 | D:1      | Reached XP level 1. HP: 17/17 MP: 0/0
    70 | D:1      | Reached skill level 1 in Stealth
   136 | D:1      | Reached XP level 2. HP: 22/22 MP: 0/0
   411 | D:1      | Reached XP level 3. HP: 28/28 MP: 0/0
   411 | D:1      | Learned a level 1 spell: Shock
   838 | D:2      | Reached XP level 4. HP: 33/33 MP: 0/0
   853 | D:2      | Reached skill level 1 in Spellcasting
   853 | D:2      | Reached skill level 1 in Conjurations
   853 | D:2      | Reached skill level 1 in Hexes
   853 | D:2      | Reached skill level 1 in Summonings
   853 | D:2      | Reached skill level 1 in Necromancy
   853 | D:2      | Reached skill level 1 in Translocations
   853 | D:2      | Reached skill level 1 in Fire Magic
   853 | D:2      | Reached skill level 1 in Ice Magic
   853 | D:2      | Reached skill level 1 in Air Magic
   853 | D:2      | Reached skill level 1 in Earth Magic
   853 | D:2      | Reached skill level 1 in Alchemy
  1697 | D:3      | Reached XP level 5. HP: 38/38 MP: 0/0
  1697 | D:3      | Learned a level 2 spell: Call Imp
  1866 | D:3      | Found a sparkling altar of Nemelex Xobeh.
  2297 | D:4      | Reached XP level 6. HP: 36/43 MP: 0/0
  2437 | D:4      | Found Menlorak's Book Boutique.
  2776 | D:4      | Found a hazy altar of Hepliaklqana.
  2824 | D:5      | Entered Level 5 of the Dungeon
  2984 | D:5      | Reached XP level 7. HP: 22/50 MP: 0/0
  2984 | D:5      | Learned a level 2 spell: Static Discharge
  3089 | D:5      | Found a runed translucent door.
  3090 | D:5      | Noticed Crazy Yiuf
  3244 | D:5      | Noticed Blork the orc
  3338 | D:5      | Killed Blork the orc
  3395 | D:5      | Found a sand-covered staircase.
  3416 | Ossuary  | Entered an ossuary
  3486 | Ossuary  | Reached skill level 5 in Spellcasting
  3486 | Ossuary  | Reached skill level 5 in Conjurations
  3486 | Ossuary  | Reached skill level 5 in Hexes
  3486 | Ossuary  | Reached skill level 5 in Summonings
  3486 | Ossuary  | Reached skill level 5 in Necromancy
  3486 | Ossuary  | Reached skill level 5 in Translocations
  3486 | Ossuary  | Reached skill level 5 in Fire Magic
  3486 | Ossuary  | Reached skill level 5 in Ice Magic
  3486 | Ossuary  | Reached skill level 5 in Air Magic
  3486 | Ossuary  | Reached skill level 5 in Earth Magic
  3486 | Ossuary  | Reached skill level 5 in Alchemy
  3515 | Ossuary  | Reached XP level 8. HP: 55/58 MP: 0/0
  4465 | D:6      | Noticed Duvessa
  4467 | D:6      | Noticed Dowan
  4479 | D:6      | Killed Dowan
  4491 | D:6      | HP: 1/58 [Duvessa/+2 short sword of speed (13)]
  4492 | D:6      | Killed Duvessa
  4996 | D:6      | Noticed a gargoyle
  5000 | D:6      | Killed a gargoyle
  5001 | D:6      | Reached XP level 9. HP: 60/62 MP: 0/0
  5001 | D:6      | Learned a level 3 spell: Hailstorm
  5048 | D:6      | Found an iron altar of Okawaru.
  5225 | D:6      | Found a white marble altar of Elyvilon.
  5283 | D:6      | Found a glowing golden altar of the Shining One.
  5291 | D:6      | Found a faded altar of an unknown god.
  5293 | D:6      | Found a blossoming altar of Fedhas.
  5395 | D:6      | Found a faded altar of an unknown god.
  5622 | D:7      | Found a broken altar of Ashenzari.
  5634 | D:7      | Identified the +12 sling "Agomm" {heavy, rN++}
  5643 | D:7      | Became a worshipper of Ashenzari the Shackled
  5680 | D:7      | Found a shimmering altar of Xom.
  5680 | D:7      | Found a shimmering altar of Xom.
  5680 | D:7      | Found a shimmering altar of Xom.
  5681 | D:7      | Found a shimmering altar of Xom.
  5681 | D:7      | Found a shimmering altar of Xom.
  5681 | D:7      | Found a shimmering altar of Xom.
  5681 | D:7      | Found a shimmering altar of Xom.
  6231 | D:7      | Slain by a wight

Illustrated notes

Levels and vault maps discovered:
D:1:      dpeg_arrival_shelter, layout_basic
D:2:      layout_loops_ring
D:3:      layout_basic, mainiacjoe_overflow_cross_hatched
D:4:      layout_basic, nicolae_hepliaklqana_hippocampus, serial_shops, shop
D:5:      cheibrodos_quashed, layout_basic, nicolae_ossuary_entry_monument,
          uniq_crazy_yiuf_cottage, uniq_blork_the_orc
D:6:      layout_rooms, lemuel_doored_altar, overflow_temple_1_default,
          chequers_temple_overflow_minitemple, kennysheep_generic_room_8,
          uniq_duvessa
D:7:      layout_basic, xom_shifter_show, mainiacjoe_overflow_boulevard,
          minmay_temple_entry_hall, hangedman_decor_peaks_small,
          minmay_misc_feat_encased

Skill      XL: |  1  2  3  4  5  6  7  8  9 |
---------------+----------------------------+-----
Stealth        | 1 2 |  2.0
Fighting       | 2 3 4 |  4.0
Spellcasting   | 2 3 4 5 7 8 |  8.6
Conjurations   | 2 3 4 5 7 8 |  8.6
Hexes          | 2 3 4 5 7 8 |  8.6
Summonings     | 2 3 4 5 7 8 |  8.6
Necromancy     | 2 3 4 5 7 8 |  8.6
Translocations | 2 3 4 5 7 8 |  8.6
Fire Magic     | 2 3 4 5 7 8 |  8.6
Ice Magic      | 2 3 4 5 7 8 |  8.6
Air Magic      | 2 3 4 5 7 8 |  8.6
Earth Magic    | 2 3 4 5 7 8 |  8.6
Alchemy        | 2 3 4 5 7 8 |  8.6
Ranged Weapons | |  0.6
Armour         | |  1.0
Dodging        | |  2.1
Evocations     | |  3.0

Action                     |  1- 3 |  4- 6 |  7- 9 || total
---------------------------+-------+-------+-------++-------
  Melee: Club              |     7 |       |       ||     7
         Whip              |     5 |       |       ||     5
         Dagger            |       |    28 |    37 ||    65
         Short sword       |       |       |    11 ||    11
   Fire: Sling             |    63 |   141 |    97 ||   301
   Cast: Shock             |       |    18 |    68 ||    86
         Call Imp          |       |     5 |    14 ||    19
         Static Discharge  |       |       |    19 ||    19
         Hailstorm         |       |       |     2 ||     2
  Evoke: Wand              |       |       |    10 ||    10
    Use: Potion            |       |       |     5 ||     5
         Scroll            |       |       |     8 ||     8
   Stab: Sleeping          |     3 |       |       ||     3
         Distracted        |       |       |     1 ||     1
 Armour: Leather armour    |    21 |    26 |       ||    47
         Robe              |       |    30 |    97 ||   127
  Dodge: Dodged            |    26 |    61 |    69 ||   156

Table legend: (Time is in decaauts)
 A = Elapsed time spent in this place.
 B = Non-inter-level travel time spent in this place.
 C = Inter-level travel time spent in this place.
 D = Time resting spent in this place.
 E = Time spent auto-exploring this place.
 F = Levels seen in this place.
 G = Mean time per level.
                   A        B        C        D        E       F      G
               +--------+--------+--------+--------+--------+-----+--------+
         Total |   6346 |   6035 |    311 |   1057 |   3547 |   8 |  793.2 |
       Dungeon |   5754 |   5443 |    311 |    908 |   3295 |   7 |  822.0 |
       Ossuary |    592 |    592 |      0 |    149 |    252 |   1 |  592.0 |
               +--------+--------+--------+--------+--------+-----+--------+

Top non-repeatable levels by time:
     D:6: 1189 daAuts
     D:5: 896 daAuts
     D:3: 794 daAuts
     D:1: 759 daAuts
     D:4: 748 daAuts
     D:2: 733 daAuts
     D:7: 633 daAuts
 Ossuary: 592 daAuts
